 Dungeon Crawl Stone Soup version 0.23-a0-831-g5da158a (webtiles) character file.

13645 tidbits the Thaumaturge (level 12, 2/93 HPs)
             Began as a Gnoll Skald on Jan 21, 2019.
             Was a High Priest of Cheibriados.
             Quit the game on level 1 of the Snake Pit on Jan 23, 2019.
             The game lasted 00:48:41 (2940 turns).

tidbits the Thaumaturge (Gnoll Skald)               Turns: 2940, Time: 00:48:42

Health: 2/93       AC: 10    Str: 27    XL:     12   Next: 8%
Magic:  7/24       EV: 16    Int: 32    God:    Cheibriados [*****.]
Gold:   98         SH:  0    Dex: 26    Spells: 17/28 levels left

rFire    + + .     SeeInvis .   a - +4 war axe (elec)
rCold    . . .     Gourm    .   (no shield)
rNeg     . . .     Faith    .   B - +4 ring mail of the Lute {rF++}
rPois    +         Spirit   .   (no helmet)
rElec    .         Reflect  .   s - scarf {cloud immunity}
rCorr    .         Harm     .   (no gloves)
MR       .....                  (no boots)
Stlth    +++.......             (no amulet)
HPRegen  0.25/turn              P - ring of poison resistance
MPRegen  0.19/turn              W - ring of wizardry

@: slowed, constricted, very slow
A: distributed training, fangs 1, strong nose
a: Bend Time, Temporal Distortion, Slouch, Step From Time, Renounce Religion


You were on level 1 of the Snake Pit.
You worshipped Cheibriados.
Cheibriados was extremely pleased with you.
You were very full.

You visited 4 branches of the dungeon, and saw 16 of its levels.

You collected 250 gold pieces.
You spent 152 gold pieces at shops.

Inventory:

Hand Weapons
 a - a +4 war axe of electrocution (weapon)
   (You found it on level 8 of the Dungeon)
 b - a +1 dagger of venom
   (You took it off Sonja on level 1 of the Lair of Beasts)
 c - a +0 longbow
 g - a +0 blowgun
 i - a +0 arbalest
 l - a +2 dagger of protection
   (You took it off a kobold on level 2 of the Dungeon)
 u - a cursed +1 war axe of distortion
   (You took it off a wight on level 7 of the Dungeon)
 v - a +0 morningstar of crushing
   (You found it on level 2 of the Lair of Beasts)
 N - a +2 vampiric hand axe
   (You found it on level 10 of the Dungeon)
 O - the +0 mace of Discomfort {crush, *Corrode rF+ rC+}
   (You found it on level 10 of the Dungeon)

   It inflicts extra damage upon your enemies.
   It protects you from fire.
   It protects you from cold.
   It may corrode you when you take damage.
 R - a +0 trident
Missiles
 f - 100 arrows
 j - 18 sling bullets
 w - 31 stones
 z - a throwing net {!f}
 L - 6 curare-tipped needles
 S - 6 tomahawks (quivered)
Armour
 h - a scarf of spirit shield
   (You found it on level 2 of the Lair of Beasts)
 s - a scarf of cloud immunity (worn)
   (You found it on level 1 of the Lair of Beasts)
 B - the +4 ring mail of the Lute (worn) {rF++}
   (You found it on level 2 of the Lair of Beasts)

   It greatly protects you from fire.
 F - a scarf of cloud immunity
   (You found it on level 6 of the Dungeon)
 I - +0 steam dragon scales
 Q - a +1 ring mail of poison resistance
   (You found it on level 4 of the Dungeon)
Jewellery
 E - an uncursed ring of ice
   (You found it on level 6 of the Dungeon)
 K - an uncursed ring of resist corrosion
   (You found it on level 3 of the Dungeon)
 P - a ring of poison resistance (left hand)
   (You found it on level 2 of the Lair of Beasts)
 W - a ring of wizardry (right hand)
   (You found it on level 6 of the Dungeon)
Wands
 m - a wand of flame (3)
 p - a wand of paralysis (2)
Scrolls
 e - a scroll of noise {!r}
 r - 6 scrolls of remove curse
 t - 3 scrolls of teleportation
 x - 2 scrolls of immolation {!r}
 y - a scroll of fear
 C - a scroll of amnesia {unknown}
 D - a scroll of random uselessness {unknown}
 G - a scroll of acquirement {unknown}
 H - 2 scrolls of vulnerability {unknown}
 M - a scroll of blinking
Potions
 k - a potion of ambrosia
 n - a potion of might
 o - 3 potions of curing
 q - 2 potions of flight
 J - a potion of mutation {unknown}
 T - 2 potions of brilliance {unknown}
 U - a potion of invisibility {unknown}
Miscellaneous
 A - a phial of floods
Comestibles
 d - 13 rations


   Skills:
 + Level 8.3 Fighting
 + Level 6.8 Short Blades
 + Level 6.8 Long Blades
 + Level 6.8 Axes
 + Level 6.8 Maces & Flails
 + Level 8.3 Polearms
 + Level 6.8 Staves
 + Level 6.8 Slings
 + Level 6.8 Bows
 + Level 6.8 Crossbows
 + Level 6.8 Throwing
 + Level 7.3 Armour
 + Level 8.3 Dodging
 + Level 6.8 Stealth
 + Level 6.8 Shields
 + Level 6.8 Unarmed Combat
 + Level 8.5 Spellcasting
 + Level 5.6 Conjurations
 + Level 5.6 Hexes
 + Level 8.0 Charms
 + Level 5.6 Summonings
 + Level 5.6 Necromancy
 + Level 5.6 Translocations
 + Level 5.6 Transmutations
 + Level 5.6 Fire Magic
 + Level 5.6 Ice Magic
 + Level 5.6 Air Magic
 + Level 5.6 Earth Magic
 + Level 5.6 Poison Magic
 + Level 7.4 Invocations
 + Level 6.8 Evocations


You had 17 spell levels left.
You knew the following spells:

 Your Spells              Type           Power        Failure   Level  Hunger
g - Shroud of Golubria    Chrm/Tloc      ######....   1%          2    None
i - Infusion              Chrm           ####         1%          1    None
r - Regeneration          Chrm/Necr      ######....   1%          3    None
w - Spectral Weapon       Hex/Chrm       ######..     1%          3    None
y - Song of Slaying       Chrm           ######..     1%          2    None

Your spell library contained the following spells:

 Spells                   Type           Power        Failure   Level  Hunger


Dungeon Overview and Level Annotations

Branches:
Dungeon (11/15)            Temple (1/1) D:4            Lair (3/6) D:11
  Swamp (0/4) Lair:2        Snake (1/4) Lair:2
    Orc: D:9-12

Altars:
Ashenzari
Cheibriados
Dithmenos
Elyvilon
Fedhas
Gozag
Hepliaklqana
Kikubaaqudgha
Makhleb
Nemelex Xobeh
Okawaru
Qazlal
Ru
Sif Muna
Trog
Uskayaw
Vehumet
Wu Jian
Xom
Yredelemnul
The Shining One

Shops:
D:4 ?!   D:6 *


Innate Abilities, Weirdness & Mutations

Your experience applies equally to all skills.
You have very sharp teeth.
Your uncanny sense of smell can sniff out nearby items.


Message History

The black mamba is almost dead.
Your spectral weapon hits the black mamba!
Lightning courses through the black mambablack mamba You kill the black mamba!
Cheibriados thoroughly appreciates the change of pace.
Unknown command.
Unknown command.
Found a glowing brown potion.
A naga warrior comes into view. It is wielding a +0 mace.
A shock serpent comes into view.
Unknown command.
A guardian serpent comes into view.
Unknown command.
Casting: Spectral Weapon (safe; 1% risk of failure)
Confirm with . or Enter, or press ? or * to list all spells.
Space distorts slightly along a thin shroud covering your body.
The sentinel's mark upon you fades away.
Unknown command.
Unknown command.
Evoke which item? (* to show all) (? for menu, Esc to quit)
Okay, then.
Unknown command.
Evoke which item? (* to show all) (? for menu, Esc to quit)
Aiming: Paralyse
Press: ? - help, Shift-Dir - straight line, f - naga warrior
Aim: a naga warrior, wielding a +0 mace and wearing a +0 robe (chance to defeat MR: 17%)
Okay, then.
Unknown command.
A naga warrior, a naga mage and a mana viper come into view.
The naga warrior is wielding a +3 flail of crushing.
The naga warrior shouts!
The mana viper hisses angrily.
The naga warrior spits poison at you. The splash of poison misses you.
The splash of poison hits your spectral weapon but does no damage.
The guardian serpent coils itself and waves its upper body at you.
You feel yourself slow down.
The naga mage mumbles some strange words.
The naga mage seems to speed up.
The naga warrior misses you. The naga warrior closely misses you.
Unknown command.
Evoke which item? (* to show all) (? for menu, Esc to quit)
Aiming: Paralyse
Press: ? - help, Shift-Dir - straight line, f - shock serpent
Aim: a shock serpent (chance to defeat MR: 49%)
The shock serpent resists with some effort.
The shock serpent completely misses you.
The shock serpent barely misses you. The mana viper barely misses you.
The naga warrior hits you but does no damage.
The naga warrior completely misses you.
Your shroud bends the guardian serpent's attack away.
Unknown command.
You hit the guardian serpent.
Lightning courses through the guardian serpenthelpless The guardian serpent is heavily wounded.
You miss the shock serpent. You hit the mana viper. You slash the naga warrior!
Lightning courses through the naga warriornaga warrior Your spectral weapon hits the guardian serpent!
Lightning courses through the guardian serpenthelpless You kill the guardian serpent!
Cheibriados thoroughly appreciates the change of pace.
Your Charms skill increases to level 8!
Your spectral weapon hits the shock serpent.
The shock serpent closely misses you.
The mana viper bites you but does no damage.
The shock serpent bites you. The shock serpent shocks you!
The mana viper bites you.
You feel your power leaking away. The naga warrior barely misses you.
The naga warrior completely misses you.
The shock serpent shoots out a bolt of lightning at you!
The bolt of electricity misses you. The bolt of electricity hits you!!
The bolt of electricity hits the shock serpent.
The shock serpent completely resists.
The mana viper bites you!
* * * LOW HITPOINT WARNING * * *
You feel your power leaking away.
Your shroud falls apart!
Okay, then.
Unknown command.
You barely miss the shock serpent. You barely miss the mana viper.
You slash the naga warrior!
Your spectral weapon hits the shock serpent!
The shock serpent's electric aura discharges, shocking your spectral weapon!
Your spectral weapon resists.
Your spectral weapon shares its damage with you!
* * * LOW HITPOINT WARNING * * *
The shock serpent bites you but does no damage.
The mana viper bites you!
* * * LOW HITPOINT WARNING * * *
You feel your power leaking away.
The naga warrior hits you with a +0 mace!
* * * LOW HITPOINT WARNING * * *
The naga warrior misses you.
The shock serpent bites you but does no damage.
A naga comes into view. It is wielding a +0 war axe.
The mana viper closely misses you. The naga warrior closely misses you.
The naga warrior grabs you.
* * * LOW HITPOINT WARNING * * *
The naga warrior constricts you.
The shock serpent bites you but does no damage.
A mana viper comes into view.
Unknown command.
Are you sure you want to abandon this character and quit the game? (Confirm with "yes".)

#.. #.. #..
#!. ##.. ..
#...###
##..N
##..###N..#
#..(@NN#
#..†SS##
#......# .
#......# ..
#......# ..
#.###...#
##.# #.
###.###..##
##
##.S..##.#
##..†.....#


You could see 2 naga warriors, a shock serpent, 2 mana vipers, a naga mage, a
naga (wandering) and a friendly spectral +4 war axe of electrocution.

Vanquished Creatures
  A hydra (Lair:2)
  A centaur warrior (D:10)
  A two-headed ogre (D:9)
  Sonja (Lair:1)
  An ugly thing (D:11)
  A manticore (D:11)
  3 black mambas (Snake:1)
  A cyclops (D:9)
  A guardian serpent (Snake:1)
  2 spiny frogs
  A rime drake (Lair:2)
  3 trolls
  2 hornets
  Prince Ribbit (D:7)
  3 hippogriffs
  A wyvern (D:10)
  9 yaks (D:10)
  A steam dragon (D:7)
  A hungry ghost (D:9)
  2 nagas (Lair:2)
  2 water moccasins
  A swamp drake (D:10)
  A porcupine (Lair:1)
  4 orc warriors
  An ice beast (D:6)
  A black bear (D:10)
  4 wolves (D:11)
  3 ogres
  3 centaurs
  3 crocodiles (Lair:2)
  A big kobold (D:6)
  8 bullfrogs
  A wyvern skeleton (D:10)
  3 wights (D:7)
  An electric eel (D:11)
  5 howler monkeys
  A centaur zombie (D:8)
  2 crimson imps
  6 hounds
  A quasit (D:10)
  3 centaur skeletons
  2 bullfrog zombies
  2 jellies
  8 orc priests
  5 orc wizards
  A bullfrog skeleton (D:5)
  An iguana (D:10)
  3 worker ants
  A killer bee zombie (D:8)
  A howler monkey skeleton (D:11)
  6 adders
  A shadow imp (D:7)
  2 oozes
  An adder zombie (D:7)
  2 worms
  2 dart slugs
  4 leopard geckos
  25 orcs
  7 bats
  3 giant cockroaches
  5 goblins
  9 hobgoblins
  4 jackals (D:2)
  28 kobolds
  4 quokkas
  5 frilled lizards (D:2)
  4 rats
  A plant (D:6)
229 creatures vanquished.

Vanquished Creatures (others)
  A howler monkey (D:7)
  An orc (D:7)
  4 spectral weapons
6 creatures vanquished.

Grand Total: 235 creatures vanquished

Notes
Turn   | Place    | Note
-------+----------+-------------------------------------------
     0 | D:1      | tidbits the Gnoll Skald began the quest for the Orb.
     0 | D:1      | Reached XP level 1. HP: 20/20 MP: 6/6
   116 | D:1      | Reached XP level 2. HP: 26/26 MP: 2/7
   121 | D:1      | Learned a level 2 spell: Song of Slaying
   124 | D:1      | Learned a level 2 spell: Shroud of Golubria
   229 | D:2      | Found a blossoming altar of Fedhas.
   229 | D:2      | Found a stormy altar of Qazlal.
   263 | D:1      | Reached XP level 3. HP: 28/31 MP: 1/9
   270 | D:1      | Reached skill level 5 in Spellcasting
   277 | D:1      | Learned a level 3 spell: Regeneration
   281 | D:1      | Learned a level 3 spell: Spectral Weapon
   308 | D:2      | Reached skill level 1 in Invocations
   372 | D:2      | Reached skill level 1 in Short Blades
   372 | D:2      | Reached skill level 1 in Long Blades
   372 | D:2      | Reached skill level 1 in Axes
   372 | D:2      | Reached skill level 1 in Maces & Flails
   372 | D:2      | Reached skill level 1 in Staves
   372 | D:2      | Reached skill level 1 in Slings
   372 | D:2      | Reached skill level 1 in Bows
   372 | D:2      | Reached skill level 1 in Crossbows
   372 | D:2      | Reached skill level 1 in Throwing
   372 | D:2      | Reached skill level 1 in Stealth
   372 | D:2      | Reached skill level 1 in Shields
   372 | D:2      | Reached skill level 1 in Unarmed Combat
   372 | D:2      | Reached skill level 1 in Evocations
   378 | D:2      | Reached XP level 4. HP: 22/38 MP: 1/11
   573 | D:3      | Reached skill level 1 in Conjurations
   573 | D:3      | Reached skill level 1 in Hexes
   573 | D:3      | Reached skill level 1 in Summonings
   573 | D:3      | Reached skill level 1 in Necromancy
   573 | D:3      | Reached skill level 1 in Translocations
   573 | D:3      | Reached skill level 1 in Transmutations
   573 | D:3      | Reached skill level 1 in Fire Magic
   573 | D:3      | Reached skill level 1 in Ice Magic
   573 | D:3      | Reached skill level 1 in Air Magic
   573 | D:3      | Reached skill level 1 in Earth Magic
   573 | D:3      | Reached skill level 1 in Poison Magic
   578 | D:3      | Reached XP level 5. HP: 32/43 MP: 3/12
   593 | D:3      | Reached skill level 3 in Armour
   737 | D:2      | Found a burning altar of Makhleb.
   752 | D:3      | Reached skill level 2 in Invocations
   752 | D:3      | Reached XP level 6. HP: 46/50 MP: 10/13
   765 | D:3      | Reached skill level 5 in Fighting
   765 | D:3      | Reached skill level 5 in Polearms
   765 | D:3      | Reached skill level 5 in Dodging
   779 | D:3      | Reached skill level 2 in Short Blades
   779 | D:3      | Reached skill level 2 in Long Blades
   779 | D:3      | Reached skill level 2 in Axes
   779 | D:3      | Reached skill level 2 in Maces & Flails
   779 | D:3      | Reached skill level 2 in Staves
   779 | D:3      | Reached skill level 2 in Slings
   779 | D:3      | Reached skill level 2 in Bows
   779 | D:3      | Reached skill level 2 in Crossbows
   779 | D:3      | Reached skill level 2 in Throwing
   779 | D:3      | Reached skill level 2 in Stealth
   779 | D:3      | Reached skill level 2 in Shields
   779 | D:3      | Reached skill level 2 in Unarmed Combat
   779 | D:3      | Reached skill level 2 in Evocations
   889 | D:4      | Found Abig's Distillery.
   895 | D:4      | Bought a potion of lignification for 42 gold pieces
   895 | D:4      | Bought a potion of heal wounds for 70 gold pieces
   937 | D:5      | Entered Level 5 of the Dungeon
   937 | D:5      | Found a shimmering altar of Xom.
   937 | D:5      | Noticed an angel
   952 | D:4      | Found a staircase to the Ecumenical Temple.
   952 | D:4      | Found an ornate altar of the Wu Jian Council.
   959 | Temple   | Entered the Ecumenical Temple
  1026 | Temple   | Became a worshipper of Cheibriados the Contemplative
  1064 | D:4      | Found Miytec's Magic Scroll Shoppe.
  1287 | D:6      | Reached XP level 7. HP: 22/56 MP: 11/15
  1304 | D:7      | Noticed Prince Ribbit
  1304 | D:7      | Noticed a hornet
  1357 | D:6      | Reached skill level 2 in Conjurations
  1357 | D:6      | Reached skill level 2 in Hexes
  1357 | D:6      | Reached skill level 2 in Summonings
  1357 | D:6      | Reached skill level 2 in Necromancy
  1357 | D:6      | Reached skill level 2 in Translocations
  1357 | D:6      | Reached skill level 2 in Transmutations
  1357 | D:6      | Reached skill level 2 in Fire Magic
  1357 | D:6      | Reached skill level 2 in Ice Magic
  1357 | D:6      | Reached skill level 2 in Air Magic
  1357 | D:6      | Reached skill level 2 in Earth Magic
  1357 | D:6      | Reached skill level 2 in Poison Magic
  1360 | D:6      | Reached * piety under Cheibriados
  1492 | D:6      | HP: 10/56 [bullfrog (7)]
  1493 | D:6      | Reached skill level 3 in Invocations
  1496 | D:6      | Reached skill level 6 in Charms
  1496 | D:6      | Reached XP level 8. HP: 8/63 MP: 11/16
  1550 | D:6      | Reached skill level 3 in Short Blades
  1550 | D:6      | Reached skill level 3 in Long Blades
  1550 | D:6      | Reached skill level 3 in Axes
  1550 | D:6      | Reached skill level 3 in Maces & Flails
  1550 | D:6      | Reached skill level 3 in Staves
  1550 | D:6      | Reached skill level 3 in Slings
  1550 | D:6      | Reached skill level 3 in Bows
  1550 | D:6      | Reached skill level 3 in Crossbows
  1550 | D:6      | Reached skill level 3 in Throwing
  1550 | D:6      | Reached skill level 4 in Armour
  1550 | D:6      | Reached skill level 3 in Stealth
  1550 | D:6      | Reached skill level 3 in Shields
  1550 | D:6      | Reached skill level 3 in Unarmed Combat
  1550 | D:6      | Reached skill level 3 in Evocations
  1553 | D:6      | Found Fikuijio's Assorted Antiques.
  1556 | D:6      | Bought a scroll labeled WOUCEO KESSE for 20 gold pieces
  1556 | D:6      | Bought a scroll labeled IGI LUAVYT for 20 gold pieces
  1599 | D:6      | Found a shattered altar of Ashenzari.
  1655 | D:7      | Reached ** piety under Cheibriados
  1655 | D:7      | Reached skill level 6 in Spellcasting
  1656 | D:7      | Noticed a hippogriff
  1680 | D:7      | Killed a hornet
  1684 | D:7      | Killed a hippogriff
  1684 | D:7      | Reached skill level 3 in Conjurations
  1684 | D:7      | Reached skill level 3 in Hexes
  1684 | D:7      | Reached skill level 3 in Summonings
  1684 | D:7      | Reached skill level 3 in Necromancy
  1684 | D:7      | Reached skill level 3 in Translocations
  1684 | D:7      | Reached skill level 3 in Transmutations
  1684 | D:7      | Reached skill level 3 in Fire Magic
  1684 | D:7      | Reached skill level 3 in Ice Magic
  1684 | D:7      | Reached skill level 3 in Air Magic
  1684 | D:7      | Reached skill level 3 in Earth Magic
  1684 | D:7      | Reached skill level 3 in Poison Magic
  1684 | D:7      | Reached skill level 4 in Invocations
  1687 | D:7      | Reached skill level 6 in Fighting
  1687 | D:7      | Reached skill level 6 in Polearms
  1687 | D:7      | Reached skill level 6 in Dodging
  1687 | D:7      | Reached XP level 9. HP: 39/69 MP: 1/18
  1695 | D:7      | Killed Prince Ribbit
  1697 | D:7      | Reached skill level 4 in Short Blades
  1697 | D:7      | Reached skill level 4 in Long Blades
  1697 | D:7      | Reached skill level 4 in Axes
  1697 | D:7      | Reached skill level 4 in Maces & Flails
  1697 | D:7      | Reached skill level 4 in Staves
  1697 | D:7      | Reached skill level 4 in Slings
  1697 | D:7      | Reached skill level 4 in Bows
  1697 | D:7      | Reached skill level 4 in Crossbows
  1697 | D:7      | Reached skill level 4 in Throwing
  1697 | D:7      | Reached skill level 4 in Stealth
  1697 | D:7      | Reached skill level 4 in Shields
  1697 | D:7      | Reached skill level 4 in Unarmed Combat
  1697 | D:7      | Reached skill level 4 in Evocations
  1788 | D:8      | Noticed a hornet
  1792 | D:8      | Killed a hornet
  1857 | D:9      | Reached skill level 5 in Armour
  1873 | D:9      | Noticed a cyclops
  1880 | D:9      | Killed a cyclops
  1896 | D:9      | Reached skill level 5 in Invocations
  1925 | D:10     | Entered Level 10 of the Dungeon
  1931 | D:10     | Noticed a troll
  1933 | D:10     | Noticed a centaur warrior
  1935 | D:10     | HP: 14/71 [troll (20)]
  1937 | D:10     | HP: 2/106 [centaur warrior/arrow (13)]
  1954 | D:10     | HP: 20/106 [centaur warrior/arrow (14)]
  1956 | D:10     | Killed a centaur warrior
  1956 | D:10     | Reached skill level 7 in Spellcasting
  1956 | D:10     | Reached skill level 4 in Conjurations
  1956 | D:10     | Reached skill level 4 in Hexes
  1956 | D:10     | Reached skill level 4 in Summonings
  1956 | D:10     | Reached skill level 4 in Necromancy
  1956 | D:10     | Reached skill level 4 in Translocations
  1956 | D:10     | Reached skill level 4 in Transmutations
  1956 | D:10     | Reached skill level 4 in Fire Magic
  1956 | D:10     | Reached skill level 4 in Ice Magic
  1956 | D:10     | Reached skill level 4 in Air Magic
  1956 | D:10     | Reached skill level 4 in Earth Magic
  1956 | D:10     | Reached skill level 4 in Poison Magic
  1956 | D:10     | Reached XP level 10. HP: 24/77 MP: 17/20
  1966 | D:10     | Reached skill level 5 in Short Blades
  1966 | D:10     | Reached skill level 5 in Long Blades
  1966 | D:10     | Reached skill level 5 in Axes
  1966 | D:10     | Reached skill level 5 in Maces & Flails
  1966 | D:10     | Reached skill level 5 in Staves
  1966 | D:10     | Reached skill level 5 in Slings
  1966 | D:10     | Reached skill level 5 in Bows
  1966 | D:10     | Reached skill level 5 in Crossbows
  1966 | D:10     | Reached skill level 5 in Throwing
  1966 | D:10     | Reached skill level 5 in Stealth
  1966 | D:10     | Reached skill level 5 in Shields
  1966 | D:10     | Reached skill level 5 in Unarmed Combat
  1966 | D:10     | Reached skill level 5 in Evocations
  2017 | D:9      | Noticed a two-headed ogre
  2025 | D:9      | HP: 3/77 [two-headed ogre/+0 dire flail (21)]
  2026 | D:9      | Killed a two-headed ogre
  2026 | D:9      | Reached skill level 7 in Fighting
  2026 | D:9      | Reached skill level 7 in Polearms
  2026 | D:9      | Reached skill level 7 in Dodging
  2026 | D:9      | Reached skill level 7 in Charms
  2171 | D:10     | Reached skill level 6 in Armour
  2202 | D:11     | Noticed a manticore
  2212 | D:10     | Reached *** piety under Cheibriados
  2212 | D:10     | Reached skill level 6 in Invocations
  2239 | D:10     | Reached XP level 11. HP: 45/84 MP: 9/22
  2257 | D:10     | Got a steaming mace
  2258 | D:10     | Identified the cursed +0 mace of Discomfort {crush,
                  | *Corrode rF+ rC+} (You found it on level 10 of the Dungeon)
  2299 | D:10     | Reached **** piety under Cheibriados
  2310 | D:10     | Upgraded the game from 0.23-a0-814-g91b4073 to
                  | 0.23-a0-819-g6debee6
  2365 | D:11     | Noticed a purple ugly thing
  2372 | D:11     | Killed a purple ugly thing
  2372 | D:11     | Reached skill level 6 in Short Blades
  2372 | D:11     | Reached skill level 6 in Long Blades
  2372 | D:11     | Reached skill level 6 in Axes
  2372 | D:11     | Reached skill level 6 in Maces & Flails
  2372 | D:11     | Reached skill level 6 in Staves
  2372 | D:11     | Reached skill level 6 in Slings
  2372 | D:11     | Reached skill level 6 in Bows
  2372 | D:11     | Reached skill level 6 in Crossbows
  2372 | D:11     | Reached skill level 6 in Throwing
  2372 | D:11     | Reached skill level 6 in Stealth
  2372 | D:11     | Reached skill level 6 in Shields
  2372 | D:11     | Reached skill level 6 in Unarmed Combat
  2372 | D:11     | Reached skill level 6 in Evocations
  2387 | D:11     | Reached skill level 5 in Conjurations
  2387 | D:11     | Reached skill level 5 in Hexes
  2387 | D:11     | Reached skill level 5 in Summonings
  2387 | D:11     | Reached skill level 5 in Necromancy
  2387 | D:11     | Reached skill level 5 in Translocations
  2387 | D:11     | Reached skill level 5 in Transmutations
  2387 | D:11     | Reached skill level 5 in Fire Magic
  2387 | D:11     | Reached skill level 5 in Ice Magic
  2387 | D:11     | Reached skill level 5 in Air Magic
  2387 | D:11     | Reached skill level 5 in Earth Magic
  2387 | D:11     | Reached skill level 5 in Poison Magic
  2398 | D:11     | Reached skill level 8 in Spellcasting
  2427 | D:11     | HP: 24/127 [manticore (6)]
  2428 | D:11     | Killed a manticore
  2453 | D:11     | Reached ***** piety under Cheibriados
  2461 | D:11     | Found a staircase to the Lair.
  2483 | Lair:1   | Entered Level 1 of the Lair of Beasts
  2506 | Lair:1   | Noticed Sonja
  2523 | Lair:1   | Killed Sonja
  2545 | Lair:1   | Reached skill level 7 in Invocations
  2594 | Lair:2   | Got an ancient ring mail
  2597 | Lair:2   | Found a staircase to the Swamp.
  2597 | Lair:2   | Noticed a four-headed hydra
  2607 | Lair:2   | Killed a four-headed hydra
  2607 | Lair:2   | Reached skill level 8 in Fighting
  2607 | Lair:2   | Reached skill level 8 in Polearms
  2607 | Lair:2   | Reached skill level 7 in Armour
  2607 | Lair:2   | Reached skill level 8 in Dodging
  2678 | Lair:2   | Identified the +4 ring mail of the Lute {rF++} (You found
                  | it on level 2 of the Lair of Beasts)
  2678 | Lair:2   | Upgraded the game from 0.23-a0-819-g6debee6 to
                  | 0.23-a0-831-g5da158a
  2844 | Lair:2   | Found a staircase to the Snake Pit.
  2861 | Snake:1  | Entered Level 1 of the Snake Pit
  2903 | Snake:1  | Reached XP level 12. HP: 85/93 MP: 22/24
  2932 | Snake:1  | Noticed a naga warrior
  2933 | Snake:1  | Noticed a shock serpent
  2936 | Snake:1  | Noticed a naga warrior
  2938 | Snake:1  | Reached skill level 8 in Charms
  2939 | Snake:1  | HP: 5/93 [naga warrior/+0 mace (15)]
  2939 | Snake:1  | HP: 2/93 [naga warrior/+0 mace (3)]
  2940 | Snake:1  | Quit the game

Vault maps used:
D:1:      lightli_arrival_noodles, minivault_25, minivault_25
D:2:      grunt_temple_overflow_forces_of_nature, nicolae_overflow_hidden_temple
D:3:      st_stairs_12, chequers_serial_rivers_micro_a, grunt_ministairs_4,
          minmay_crystal_room, trog_butcher_becter
D:4:      nicolae_overflow_crystal_walls, minmay_temple_entry_gardened_gates,
          serial_shops, kennysheep_little_box, shop, kennysheep_mini
D:5:      grunt_temple_overflow_order_and_chaos_1, first_ration, st_stairs_12
D:6:      kennysheep_kobold_camp, overflow_temple_1_default, serial_shops,
          kennysheep_mini_moat, shop_statue
D:7:      corexii_leaking_fountain, minmay_curled_crystal, grunt_livestock,
          uniq_joseph, uniq_prince_ribbit1
D:8:      nemelex_diamond_rough_becter
D:10:     erik_orc_1
D:11:     erik_lair_island
Temple:   regret_index_temple_waves
Lair:1:   serial_bayou_shore_b, uniq_sonja, uniq_erica
Lair:2:   minmay_swamp_entry_reptiles, guppyfry_snake_entry_island,
          serial_bayou_shore_b, lemuel_fruit_tree

Skill      XL: |  1  2  3  4  5  6  7  8  9 10 11 12 |
---------------+-------------------------------------+-----
Spellcasting   | 5 6 7 8 |  8.5
Invocations    | 1 2 3 4 5 6 7 |  7.4
Short Blades   | 1 2 3 4 5 6 |  6.8
Long Blades    | 1 2 3 4 5 6 |  6.8
Axes           | 1 2 3 4 5 6 |  6.8
Maces & Flails | 1 2 3 4 5 6 |  6.8
Staves         | 1 2 3 4 5 6 |  6.8
Slings         | 1 2 3 4 5 6 |  6.8
Bows           | 1 2 3 4 5 6 |  6.8
Crossbows      | 1 2 3 4 5 6 |  6.8
Throwing       | 1 2 3 4 5 6 |  6.8
Stealth        | 1 2 3 4 5 6 |  6.8
Shields        | 1 2 3 4 5 6 |  6.8
Unarmed Combat | 1 2 3 4 5 6 |  6.8
Evocations     | 1 2 3 4 5 6 |  6.8
Conjurations   | 1 2 3 4 5 |  5.6
Hexes          | 1 2 3 4 5 |  5.6
Summonings     | 1 2 3 4 5 |  5.6
Necromancy     | 1 2 3 4 5 |  5.6
Translocations | 1 2 3 4 5 |  5.6
Transmutations | 1 2 3 4 5 |  5.6
Fire Magic     | 1 2 3 4 5 |  5.6
Ice Magic      | 1 2 3 4 5 |  5.6
Air Magic      | 1 2 3 4 5 |  5.6
Earth Magic    | 1 2 3 4 5 |  5.6
Poison Magic   | 1 2 3 4 5 |  5.6
Armour         | 3 4 5 6 7 |  7.3
Fighting       | 5 6 7 8 |  8.3
Polearms       | 5 6 7 8 |  8.3
Dodging        | 5 6 7 8 |  8.3
Charms         | 6 7 8 |  8.0

Action                   |  1- 3 |  4- 6 |  7- 9 | 10-12 || total
-------------------------+-------+-------+-------+-------++-------
Melee: Spear             |    81 |    51 |       |       ||   132
       Bite              |     4 |     6 |    10 |    19 ||    39
       Punch             |       |     2 |     7 |     5 ||    14
       Trident           |       |    57 |   115 |       ||   172
       War axe           |       |       |    19 |   133 ||   152
       Unarmed           |       |       |       |     7 ||     7
       Dagger            |       |       |       |     1 ||     1
 Fire: Longbow           |       |       |     5 |     5 ||    10
Throw: Throwing net      |       |       |     1 |       ||     1
       Stone             |       |       |       |     3 ||     3
       Tomahawk          |       |       |       |     6 ||     6
 Cast: Infusion          |     5 |       |       |       ||     5
       Spectral Weapon   |     2 |    19 |    20 |    28 ||    69
       Song of Slaying   |     1 |     2 |     3 |     2 ||     8
       Shroud of Golubri |     1 |     1 |       |     6 ||     8
       Regeneration      |       |     3 |    15 |    19 ||    37
Invok: Bend Time         |       |       |       |     1 ||     1
Evoke: Wand              |       |     2 |     1 |    12 ||    15
  Use: Scroll            |     3 |     7 |     3 |     5 ||    18
       Potion            |       |       |     8 |     3 ||    11
 Stab: Sleeping          |     3 |       |     1 |     3 ||     7
       Held in net/web   |       |       |     1 |       ||     1
       Distracted        |       |       |     2 |     2 ||     4
  Eat: Ration            |       |     2 |     1 |     1 ||     4
       Chunk             |       |     1 |       |       ||     1
Armor: Leather armour    |    16 |    10 |       |       ||    26
       Ring mail         |       |     2 |    28 |    21 ||    51
       Skin              |       |       |    81 |    37 ||   118
Dodge: Dodged            |    33 |    74 |    83 |   127 ||   317

Table legend:
 A = Non-vault XP
 B = Vault XP
 C = Vault XP percentage of total XP
 D = Non-vault monster count
 E = Vault monster count
 F = Vault count percentage of total count
                 A         B        C        D         E       F
            +---------+---------+-------+---------+---------+-------
      Total |   15143 |    4351 |  22.3 |     176 |      53 |  23.1
            +---------+---------+-------+---------+---------+-------
        D:1 |      29 |       0 |   0.0 |      16 |       0 |   0.0
        D:2 |      67 |       0 |   0.0 |      27 |       0 |   0.0
        D:3 |     384 |       5 |   1.3 |      27 |       2 |   6.9
        D:4 |       9 |       0 |   0.0 |       2 |       0 |   0.0
        D:5 |      75 |       0 |   0.0 |       4 |       0 |   0.0
        D:6 |     689 |     129 |  15.8 |       8 |      21 |  72.4
        D:7 |    1252 |     255 |  16.9 |      19 |       1 |   5.0
        D:8 |     480 |       0 |   0.0 |       6 |       0 |   0.0
        D:9 |    2051 |       0 |   0.0 |       7 |       0 |   0.0
       D:10 |    4560 |     588 |  11.4 |      33 |      13 |  28.3
       D:11 |    1944 |     944 |  32.7 |      16 |       9 |  36.0
     Lair:1 |     793 |     795 |  50.1 |       4 |       1 |  20.0
     Lair:2 |     920 |    1635 |  64.0 |       3 |       6 |  66.7
    Snake:1 |    1890 |       0 |   0.0 |       4 |       0 |   0.0
            +---------+---------+-------+---------+---------+-------

Table legend:
 A = Turns spent in this place as a percentage of turns spent in the entire game.
 B = Non-inter-level travel turns spent in this place as a percentage of non-inter-level travel turns spent in the entire game.
 C = Inter-level travel turns spent in this place as a percentage of turns spent in this place.
 D = Turns resting spent in this place as a percentage of non-inter-level travel turns spent in this place.
 E = Turns spent auto-exploring this place as a percentage of non-inter-level travel turns spent in this place.
 F = Non-inter-level travel turns spent in this place divided by the number of levels of this place that you've seen.
                   A       B       C       D       E      F
               +-------+-------+-------+-------+-------+----------------------
         Total | 100.0 | 100.0 |   1.2 |   0.0 |   0.0 | 181.5
       Dungeon |  81.4 |  82.4 |   0.0 |   0.0 |   0.0 | 217.6
        Temple |   3.0 |   2.4 |  22.5 |   0.0 |   0.0 |  69.0
          Lair |  12.9 |  12.5 |   4.2 |   0.0 |   0.0 | 120.7
     Snake Pit |   2.7 |   2.7 |   0.0 |   0.0 |   0.0 |  79.0
               +-------+-------+-------+-------+-------+----------------------

Table legend:
 A = Kills in this place as a percentage of kills in entire the game.
 B = Kills by you in this place as a percentage of kills by you in the entire game.
 C = Kills by friends in this place as a percentage of kills by friends in the entire game.
 D = Other kills in this place as a percentage of other kills in the entire game.
 E = Experience gained in this place as a percentage of experience gained in the entire game.
 F = Experience gained in this place divided by the number of levels of this place that you have seen.
                   A       B       C       D       E      F
               +-------+-------+-------+-------+-------+----------------------
         Total | 100.0 | 100.0 |   N/A | 100.0 | 100.0 | 1218.4
       Dungeon |  92.1 |  92.1 |   N/A | 100.0 |  69.1 | 1223.7
          Lair |   6.1 |   6.1 |   N/A |   0.0 |  21.3 | 1381.0
     Snake Pit |   1.7 |   1.8 |   N/A |   0.0 |   9.7 | 1890.0
               +-------+-------+-------+-------+-------+----------------------

Vault maps used:
D:1:      lightli_arrival_noodles, minivault_25, minivault_25
D:2:      grunt_temple_overflow_forces_of_nature, nicolae_overflow_hidden_temple
D:3:      st_stairs_12, chequers_serial_rivers_micro_a, grunt_ministairs_4,
          minmay_crystal_room, trog_butcher_becter
D:4:      nicolae_overflow_crystal_walls, minmay_temple_entry_gardened_gates,
          serial_shops, kennysheep_little_box, shop, kennysheep_mini
D:5:      grunt_temple_overflow_order_and_chaos_1, first_ration, st_stairs_12
D:6:      kennysheep_kobold_camp, overflow_temple_1_default, serial_shops,
          kennysheep_mini_moat, shop_statue
D:7:      corexii_leaking_fountain, minmay_curled_crystal, grunt_livestock,
          uniq_joseph, uniq_prince_ribbit1
D:8:      nemelex_diamond_rough_becter
D:10:     erik_orc_1
D:11:     erik_lair_island
Temple:   regret_index_temple_waves
Lair:1:   serial_bayou_shore_b, uniq_sonja, uniq_erica
Lair:2:   minmay_swamp_entry_reptiles, guppyfry_snake_entry_island,
          serial_bayou_shore_b, lemuel_fruit_tree
